 Dungeon Crawl Stone Soup version 0.21.1-1-g345015f (webtiles) character file.

126 Krilegs the Shield-Bearer (level 5, -1/69 HPs)
             Began as a Hill Orc Fighter on May 7, 2018.
             Killed from afar by an orc wizard (3 damage)
             ... with a puff of frost
             ... on level 3 of the Dungeon.
             The game lasted 00:05:02 (1987 turns).

Krilegs the Shield-Bearer (Hill Orc Fighter)        Turns: 1987, Time: 00:05:07

Health: -1/69      AC: 22    Str: 25    XL:     5   Next: 9%
Magic:  5/5        EV:  2    Int:  8    God:
Gold:   123        SH: 10    Dex: 10    Spells: 4/4 levels left

rFire    . . .     SeeInvis .   a - +0 long sword
rCold    . . .     Gourm    .   c - +0 shield
rNeg     + + +     Faith    .   (armour currently unavailable)
rPois    +         Spirit   .   (helmet currently unavailable)
rElec    .         Reflect  .   (cloak currently unavailable)
rCorr    .         Harm     .   (gloves currently unavailable)
MR       .....     NoTele   +   (boots currently unavailable)
Stlth    +.........             (no amulet)
HPRegen  0.21/turn              (no ring)
MPRegen  0.09/turn              (no ring)

@: mighty, tree-form, slowed, very slow
A: no striking features
a: no special abilities


You were on level 3 of the Dungeon.
You were very hungry.
You were a tree.
You visited 1 branch of the dungeon, and saw 4 of its levels.

You collected 123 gold pieces.

Inventory:

Hand Weapons
 a - a +0 long sword (weapon)
Armour
 b - a +0 scale mail (melded)
 c - a +0 shield (worn)
Scrolls
 e - 3 scrolls of identify
 i - a scroll of enchant armour {unknown}
 j - a scroll of teleportation {unknown}
 k - 2 scrolls of fog {unknown}
 l - 2 scrolls of amnesia {unknown}
 m - a scroll of magic mapping {unknown}
 n - 2 scrolls of fear {unknown}
Potions
 g - 2 potions of heal wounds {unknown}
 o - a potion of curing {unknown}
 p - 2 potions of magic {unknown}
Comestibles
 f - 7 rations


   Skills:
 + Level 4.1 Fighting
 + Level 3.6 Long Blades
 + Level 4.1 Armour
 + Level 0.7 Dodging
 + Level 4.1 Shields


You had 4 spell levels left.
You didn't know any spells.

Dungeon Overview and Level Annotations

Branches:
Dungeon (4/15)
 Temple: D:4-7

Altars:
Hepliaklqana


Message History

You block the orc wizard's attack.
You hit the orc wizard.
The orc wizard is moderately wounded.
The orc wizard hits you but does no damage.
You block the orc wizard's attack.
The orc wizard hits you but does no damage.
You barely miss the orc wizard.
The orc wizard is moderately wounded.
You block the orc wizard's attack. x2
The orc wizard points at you and mumbles some strange words.
The puff of flame hits you!
* * * LOW HITPOINT WARNING * * *
The orc wizard barely misses you.
You turn into a tree.
Your +0 scale mail melds into your body.
Your roots penetrate the ground.
The orc wizard hits you but does no damage.
The orc wizard gestures at you while chanting.
The puff of frost hits you!
You die...

........#
........#
........#
/.......#
........#
........##
(.......)###
.......o♣..#
..########..#
##.... .....#
)###.# .# #
.. ..


You could see an orc wizard.

Vanquished Creatures
  An orc wizard (D:3)
  4 adders
  2 dart slugs (D:1)
  A leopard gecko (D:1)
  2 orcs (D:3)
  8 bats
  2 giant cockroaches
  5 goblins
  2 hobgoblins (D:1)
  6 jackals (D:1)
  5 kobolds
  3 quokkas
  8 frilled lizards
  A leopard gecko skeleton (D:4)
  7 rats
57 creatures vanquished.

Notes
Turn   | Place    | Note
-------+----------+-------------------------------------------
     0 | D:1      | Krilegs the Hill Orc Fighter began the quest for the Orb.
     0 | D:1      | Reached XP level 1. HP: 19/19 MP: 1/1
   137 | D:1      | Reached XP level 2. HP: 19/27 MP: 2/2
   558 | D:1      | Reached XP level 3. HP: 32/33 MP: 3/3
  1423 | D:2      | Reached XP level 4. HP: 29/40 MP: 4/4
  1734 | D:2      | Found a hazy altar of Hepliaklqana.
  1850 | D:2      | You fall through a shaft for 2 floors!
  1977 | D:3      | Reached XP level 5. HP: 9/46 MP: 5/5
  1986 | D:3      | HP: 1/46 [orc wizard/puff of flame (3)]
  1987 | D:3      | Killed from afar by an orc wizard

Skill      XL: |  1  2  3  4 |
---------------+-------------+-----
Long Blades    | 3 |  3.6
Fighting       | 4 |  4.1
Armour         | 4 |  4.1
Shields        | 4 |  4.1
Dodging        | |  0.7

Action                   |  1- 3 |  4- 6 || total
-------------------------+-------+-------++-------
Melee: Long sword        |   146 |    88 ||   234
  Use: Potion            |     2 |     2 ||     4
       Scroll            |     1 |       ||     1
  Eat: Chunk             |     2 |     1 ||     3
Armor: Scale mail        |    87 |    82 ||   169
       Skin              |       |     1 ||     1
Dodge: Dodged            |    57 |    38 ||    95
Block: Shield            |    83 |    58 ||   141
       Rpst.: Long sword |    12 |     9 ||    21
